 Dungeon Crawl Stone Soup version 0.29.0 (webtiles) character file.

Game seed: 14050349881758047277

170 Zeld the Ogre Mage (level 5, -4/45 HPs)
             Began as an Ogre Fire Elementalist on Aug 24, 2022.
             Slain by an orc priest
             ... wielding a +0 mace
              (7 damage)
             ... on level 3 of the Dungeon.
             The game lasted 00:03:15 (4554 turns).

Zeld the Ogre Mage (Ogre Fire Elementalist)         Turns: 4554, Time: 00:03:15

Health: -4/45      AC:  3    Str: 12    XL:     5   Next: 50%
Magic:  0/10       EV: 10    Int: 18    God:
Gold:   170        SH:  0    Dex:  9    Spells: 5/11 levels left

rFire   . . .      SeeInvis .   (no weapon)
rCold   . . .      Faith    .   (no shield)
rNeg    . . .      Spirit   .   a - +0 robe
rPois   .          Reflect  .   (helmet restricted)
rElec   .          Harm     .   (no cloak)
rCorr   .          Rampage  .   (gloves unavailable)
Will    .....                   (boots unavailable)
Stlth   ++........              (no amulet)
HPRegen 0.15/turn               (no ring)
MPRegen 0.12/turn               (no ring)

@: no status effects
A: large, unfitting armour, tough skin 1
a: no special abilities


You were on level 3 of the Dungeon.
You visited 1 branch of the dungeon, and saw 4 of its levels.

You collected 216 gold pieces.
You spent 46 gold pieces at shops.

Inventory:

Armour
 a - a +0 robe (worn)
Scrolls
 d - 2 scrolls of identify {unknown}
 e - 2 scrolls of amnesia {unknown}
 f - a scroll of magic mapping {unknown}
 j - a scroll of fog {unknown}
 l - 4 scrolls of poison {unknown}
 n - a scroll of vulnerability {unknown}
 o - a scroll of summoning {unknown}
Potions
 b - 3 potions of magic
 c - 2 potions of curing {unknown}
 g - a potion of degeneration {unknown}
 h - 2 potions of might {unknown}
 i - a potion of berserk rage {unknown}
 k - a potion of resistance {unknown}
 m - a potion of haste {unknown}
 p - a potion of heal wounds {unknown}
 q - a potion of brilliance {unknown}


   Skills:
 + Level 2.4 Dodging
 + Level 2.0 Stealth
 * Level 3.8 Spellcasting
 + Level 1.9 Conjurations
 * Level 3.7 Fire Magic


You had 5 spell levels left.
You knew the following spells:

 Your Spells              Type           Power      Damage    Failure   Level
a - Foxfire               Conj/Fire      52%        2x1d6     4%          1
b - Scorch                Fire           32%        2d7       4%          2
c - Inner Flame           Hex/Fire       10%        N/A       22%         3

Your spell library contained the following spells:

 Spells                   Type           Power      Damage    Failure   Level
 Conjure Flame            Conj/Fire      13%        6-21      14%         3
 Apportation              Tloc           6%         N/A       16%         1
 Necrotise                Necr           12%        1d4       16%         1
 Summon Small Mammal      Summ           12%        N/A       16%         1
 Flame Wave               Conj/Fire      13%        2d6       43%         4


Dungeon Overview and Level Annotations

Branches:
Dungeon (4/15)
 Temple: D:4-7

Altars:
Hepliaklqana
Vehumet
Xom

Shops:
D:2 *


Innate Abilities, Weirdness & Mutations

You are too large for most types of armour.
You have tough skin. (AC +1)


Message History

The orc priest is heavily wounded.
The orc priest hits you with a +0 mace.
You closely miss the orc priest.
The orc priest is heavily wounded.
The orc priest hits you with a +0 mace.
You closely miss the orc priest.
The orc priest is heavily wounded.
The orc priest is no longer more vulnerable to fire.
The orc priest hits you with a +0 mace.
Casting: Scorch (safe; 4% risk of failure)
Confirm with . or Enter, or press ? or * to list all spells.
There is not enough space to conjure foxfire!
You hit the orc priest but do no damage.
The orc priest is heavily wounded.
The orc priest hits you with a +0 mace.
You hit the orc priest.
The orc priest is heavily wounded.
The orc priest hits you with a +0 mace.
* * * LOW HITPOINT WARNING * * *
You closely miss the orc priest.
The orc priest is heavily wounded.
The orc priest closely misses you. The orc priest barely misses you.
You climb upwards.
There is a stone staircase leading down here.
The orc priest attacks as you move away!
The orc priest hits you with a +0 mace.
* * * LOW HITPOINT WARNING * * *
You see here a +0 dagger.
Casting: Foxfire (safe; 4% risk of failure)
Confirm with . or Enter, or press ? or * to list all spells.
Flames lash the orc priest.
The orc priest is almost dead.
The orc priest's fire resistance burns away.
The orc priest invokes the aid of Beogh against you.
Pain shoots through your body!
* * * LOW HITPOINT WARNING * * *
Unknown command.
The orc priest hits you with a +0 mace!
You die...

###.##.#.# #.###.###.#
..#.##.#.# #.# #.###.#####
#...[..#.# #.###.#.......#
.....#.#.###.##..#.......#
.......#.#...##.##.......#
#.....##...###...........#
......##..###..#.>.......#
#.....#...# #.#..o..(....#
#.....#..####...@........#
........<# #....##.......#
......##.# #....##.......#
.......#.###...###########
.....).#..<.....#
.......#........#
#...............#
#...>...........#
#...............#


You could see an orc priest (combustible).

Vanquished Creatures
  A scorpion (D:3)
  3 adders
  A gnoll (D:1)
  3 worms
  2 dart slugs (D:1)
  4 orcs
  8 bats
  6 endoplasms
  A giant cockroach (D:1)
  A goblin (D:2)
  6 hobgoblins
  A quokka (D:2)
  9 ball pythons
  3 frilled lizards
  3 kobolds (D:1)
  11 rats
63 creatures vanquished.

Vanquished Creatures (others)
  20 foxfires
20 creatures vanquished.

Grand Total: 83 creatures vanquished

Notes
Turn   | Place    | Note
-------+----------+-------------------------------------------
     0 | D:1      | Zeld the Ogre Fire Elementalist began the quest for the
                  | Orb.
     0 | D:1      | Reached XP level 1. HP: 16/16 MP: 3/3
   222 | D:1      | Reached skill level 1 in Conjurations
   222 | D:1      | Reached XP level 2. HP: 15/24 MP: 1/5
   225 | D:1      | Learned a level 2 spell: Scorch
  1129 | D:1      | Reached XP level 3. HP: 26/31 MP: 1/7
  1133 | D:1      | Learned a level 3 spell: Inner Flame
  1440 | D:1      | Found a faded altar of an unknown god.
  1724 | D:2      | Found Dam Qosh's Assorted Antiques.
  1729 | D:2      | Bought a scroll labelled ANAEPR SOLAMN for 23 gold pieces
  1729 | D:2      | Bought a scroll labelled FAAFE UTHREFROWK for 23 gold
                  | pieces
  2102 | D:2      | Reached XP level 4. HP: 23/39 MP: 3/8
  3570 | D:3      | Found a hazy altar of Hepliaklqana.
  3817 | D:3      | Found a radiant altar of Vehumet.
  3817 | D:3      | Found a shimmering altar of Xom.
  3848 | D:4      | Noticed a scorpion
  3904 | D:4      | Noticed a scorpion
  3992 | D:3      | Killed a scorpion
  3993 | D:3      | Reached XP level 5. HP: 10/45 MP: 1/10
  4554 | D:3      | Slain by an orc priest

Illustrated notes

Levels and vault maps discovered:
D:1:      lightli_iron_boxes, layout_loops_corners,
          chequers_ecumenical_altar_twisty
D:2:      layout_loops_ring, serial_co_window_serial, co_window_paths_a,
          co_window_of_opportunity_a, co_window_of_opportunity_a,
          co_window_paths_b, co_window_corner_a, co_window_2corner,
          co_window_of_opportunity_b, co_window_broadway_c, co_window_2corner,
          co_window_2corner, co_window_cross_3, co_window_4corner_a,
          co_window_paths_e, glass_columns_a, serial_shops, shop_statue
D:3:      layout_rooms, mainiacjoe_overflow_alcove_4,
          amethyst_overflow_temple_binary
D:4:      minmay_polygon_palace, layout_basic, nicolae_tso_swordbearing_angel,
          mainiacjoe_overflow_24_doors, zin_scriptorium, enter_ossuary_2,
          kennysheep_windowed_goal

Skill      XL: |  1  2  3  4 |
---------------+-------------+-----
Conjurations   | 1 |  1.9
Fire Magic     | 3 |  3.7
Dodging        | 2 |  2.4
Spellcasting   | 3 |  3.8
Stealth        | 2 |  2.0

Action                   |  1- 3 |  4- 6 || total
-------------------------+-------+-------++-------
Melee: Unarmed           |    44 |    19 ||    63
       Punch             |       |     1 ||     1
 Cast: Foxfire           |    15 |     3 ||    18
       Scorch            |    30 |    39 ||    69
 Stab: Sleeping          |     1 |       ||     1
Armor: Robe              |    26 |    11 ||    37
Dodge: Dodged            |    28 |    26 ||    54
